 Dungeon Crawl Stone Soup version 0.30.0-7-g0c4daa9e05 (webtiles) character file.

Game seed: 7344501102525409700

35 Kenran the Magician (level 3, -1/25 HPs)
             Began as a Djinni Fire Elementalist on May 13, 2023.
             Slain by an adder (3 damage)
             ... on level 1 of the Dungeon.
             The game lasted 00:03:08 (791 turns).

Kenran the Magician (Djinni Fire Elementalist)       Turns: 791, Time: 00:03:09

Health: -1/25      AC:  2    Str:  7    XL:     3   Next: 55%
Gold:   59         EV: 12    Int: 18    God:
                   SH:  0    Dex: 13

rFire   + + +        c - +0 spear
rCold   x . .        (no shield)
rNeg    . . .        a - +0 robe
rPois   ∞            (no helmet)
rElec   .            (no cloak)
rCorr   .            (no gloves)
SInv    .            (boots unavailable)
Will    .....        (no amulet)
Stlth   ++           F - ring of protection from fire
HPRegen 0.24/turn    (no ring)
MPRegen 0.00/turn

%: infuse magic (-2 HP)
@: flying
A: sickness immunity, fire resistance 2, cold vulnerability 1, float, innate
caster, HP casting, extra vitality 1
a: no special abilities


You were on level 1 of the Dungeon.
You visited 1 branch of the dungeon, and saw 2 of its levels.

You collected 59 gold pieces.


Innate Abilities, Weirdness & Mutations

You are immune to sickness and miasma.
You are immune to poison.
Your flesh is very heat resistant. (rF++)
You are vulnerable to cold. (rC-)
You float through the air rather than walking.
You learn spells naturally, not from books.
Your magical power is your life essence.
You have superior vitality. (+4 MHP)


   Skills:
 - Level 2.1 Dodging
 - Level 1.5 Stealth
 + Level 3.4 Spellcasting


You knew the following spells:

 Your Spells              Type           Power      Damage    Failure   Level
f - Foxfire               Conj/Fire      60%        2x1d7     3%          1
i - Inner Flame           Hex/Fire       15%        N/A       12%         3
m - Magic Dart            Conj           60%        1d6       3%          1
X - Scorch                Fire           30%        2d6       6%          2
Y - Volatile Blastmotes   Fire/Tloc      30%        2d12      12%         3
Z - Flame Wave            Conj/Fire      15%        2d7       36%         4
Your spell library was empty.

Inventory:

Hand Weapons
 c - a +0 spear (weapon)
   (You found it on level 1 of the Dungeon)
Armour
 a - a +0 robe (worn)
Magical Staves
 d - a staff of air {!a}
   (You found it on level 1 of the Dungeon)
Jewellery
 F - a ring of protection from fire (left hand)
   (You found it on level 2 of the Dungeon)
Scrolls
 b - a scroll of teleportation {unknown}
 f - a scroll of blinking {unknown}
 g - a scroll of enchant armour {unknown}
 h - 3 scrolls of poison {unknown}
Potions
 e - 2 potions of curing {unknown}
 i - a potion of magic {unknown}

Dungeon Overview and Level Annotations

Branches:
Dungeon (2/15) Zot: 11207

Altars:

Annotations:
D:1 exclusion: downstairs

###................#
.##................#
.##................#
.##................#
.##................#
.##................#
..########.........#
..# #......v#### ..#
#....#S@...#
..########....##v####
###...........##.####
#............#....#
#............####.# #
#............##...# #
#............##.###
###............##.#
..................#


You could see an adder (ally target).


Message History

You conjure some foxfire!
The foxfire hits the hobgoblin.
You kill the hobgoblin!
You see here a hobgoblin corpse.
Found a stone staircase leading up.
An endoplasm comes into view.
The endoplasm quivers.
Casting: Foxfire (safe; 4% risk of failure)
Confirm with . or Enter, or press ? or * to list all spells.
You conjure some foxfire!
The foxfire hits the endoplasm.
Casting: Foxfire (safe; 4% risk of failure)
Confirm with . or Enter, or press ? or * to list all spells.
You conjure some foxfire!
The foxfire hits the endoplasm.
You kill the endoplasm! 😕 HP[-1]
You take 1 damage, and now have 24/25 hp. 😎 HP[+1]
Your hp is fully restored (25).
A rat comes into view.
Casting: Foxfire (safe; 4% risk of failure)
Confirm with . or Enter, or press ? or * to list all spells.
You conjure some foxfire!
The foxfire hits the rat.
You kill the rat!
You see here a rat corpse.
h - 3 scrolls labelled YPPIEBO TUAQ
i - a dark potion
F - a ring of protection from fire
F - a ring of protection from fire (left hand)
A gnoll is nearby!
The gnoll shouts!
You hear a shout!
Casting: Foxfire (safe; 4% risk of failure)
Confirm with . or Enter, or press ? or * to list all spells.
You conjure some foxfire! 😕 HP[-1]
You take 1 damage, and now have 24/25 hp.
Casting: Foxfire (safe; 4% risk of failure)
Confirm with . or Enter, or press ? or * to list all spells.
You conjure some foxfire!
The foxfire hits the gnoll but does no damage.
The foxfire hits the gnoll.
An adder comes into view.
The gnoll drinks a potion.
The gnoll seems to grow stronger. 😕 HP[-1]
You take 1 damage, and now have 23/25 hp.
Casting: Foxfire (safe; 4% risk of failure)
Confirm with . or Enter, or press ? or * to list all spells.
You conjure some foxfire!
The adder hisses angrily.
The foxfire hits the gnoll.
The foxfire hits the gnoll but does no damage. x2 😕 HP[-1]
You take 1 damage, and now have 22/25 hp.
Casting: Foxfire (safe; 4% risk of failure)
Confirm with . or Enter, or press ? or * to list all spells.
You conjure some foxfire!
The foxfire hits the gnoll.
Casting: Foxfire (safe; 4% risk of failure)
Confirm with . or Enter, or press ? or * to list all spells.
You conjure some foxfire!
The foxfire hits the gnoll. x2
The gnoll closely misses you. 😕 HP[-1]
You take 1 damage, and now have 21/25 hp.
Casting: Foxfire (safe; 4% risk of failure)
Confirm with . or Enter, or press ? or * to list all spells.
You conjure some foxfire!
The foxfire hits the gnoll. x2
The gnoll hits you with a +0 flail!
* * * LOW HITPOINT WARNING * * *
The gnoll barely misses you. 😨 HP[-13]
You take 13 damage, and now have 8/25 hp.
MASSIVE DAMAGE!! (PAUSE)
The foxfire hits the gnoll.
You kill the gnoll! 😨 HP[+1]
The adder closely misses you. 😨 HP[+1]
The adder closely misses you. The adder attacks as you move away!
The adder bites you.
* * * LOW HITPOINT WARNING * * *
😱 HP[-4]
You take 4 damage, and now have 6/25 hp.
The adder attacks as you move away! The adder bites you.
* * * LOW HITPOINT WARNING * * *
The adder bites you.
* * * LOW HITPOINT WARNING * * *
There is a stone staircase leading up here. 😱 HP[-3]
You take 3 damage, and now have 3/25 hp.
The gnoll closely misses you. The adder bites you but does no damage.
You fly upwards.
Level annotation: exclusion: downstairs
There is a stone staircase leading down here.
Casting: Foxfire (safe; 3% risk of failure)
Confirm with . or Enter, or press ? or * to list all spells.
You conjure some foxfire!
* * * LOW HITPOINT WARNING * * *
The adder bites you.
You die...

Skill      XL: |  1  2 |
---------------+-------+-----
Spellcasting   | 3 |  3.4
Dodging        | |  2.1
Stealth        | |  1.5

Action                     || total
---------------------------++-------
  Melee: Spear             ||    14
   Cast: Foxfire           ||    36
 Armour: Robe              ||     3
  Dodge: Dodged            ||    18

Levels and vault maps discovered:
D:1:      amcnicky_arrival_underground_garden, layout_basic
D:2:      minmay_general_purpose_star, layout_basic

Notes
Turn   | Place    | Note
-------+----------+-------------------------------------------
     0 | D:1      | Kenran the Djinni Fire Elementalist began the quest for the
                  | Orb.
     0 | D:1      | Kenran set off with the following spells memorised:
                  | Foxfire, Scorch, Volatile Blastmotes, Inner Flame, Flame
                  | Wave.
     0 | D:1      | Reached XP level 1. HP: 15/15 MP: 0/0
     0 | D:1      | magus.rc [v1.11.6]
   178 | D:1      | Reached XP level 2. HP: 21/21 MP: 0/0
   295 | D:1      | Reached skill level 3 in Spellcasting
   557 | D:2      | Reached XP level 3. HP: 24/25 MP: 0/0
   557 | D:2      | Learned a level 1 spell: Magic Dart
   786 | D:2      | HP: 6/25 [adder (4)]
   791 | D:1      | Slain by an adder

Vanquished Creatures
  A gnoll (D:2)
  A dart slug (D:1)
  2 endoplasms
  A giant cockroach (D:2)
  2 goblins (D:1)
  3 hobgoblins
  A kobold (D:1)
  3 quokkas (D:1)
  2 ball pythons
  A bat (D:1)
  3 frilled lizards
  2 rats
22 creatures vanquished.

Vanquished Creatures (others)
  50 foxfires
50 creatures vanquished.

Grand Total: 72 creatures vanquished

Table legend:
 A = Non-vault XP
 B = Vault XP
 C = Vault XP percentage of total XP
 D = Non-vault monster count
 E = Vault monster count
 F = Vault count percentage of total count
                 A         B        C        D         E       F
            +---------+---------+-------+---------+---------+-------
      Total |      51 |       0 |   0.0 |      22 |       0 |   0.0
            +---------+---------+-------+---------+---------+-------
        D:1 |      27 |       0 |   0.0 |      15 |       0 |   0.0
        D:2 |      24 |       0 |   0.0 |       7 |       0 |   0.0
            +---------+---------+-------+---------+---------+-------

Skill      XL: |  1  2 |
---------------+-------+-----
Spellcasting   | 3 |  3.4
Dodging        | |  2.1
Stealth        | |  1.5

Action                     || total
---------------------------++-------
  Melee: Spear             ||    14
   Cast: Foxfire           ||    36
 Armour: Robe              ||     3
  Dodge: Dodged            ||    18

Illustrated notes

Table legend:
 A = Kills in this place as a percentage of kills in the entire game.
 B = Kills by you in this place as a percentage of kills by you in the entire game.
 C = Kills by friends in this place as a percentage of kills by friends in the entire game.
 D = Other kills in this place as a percentage of other kills in the entire game.
 E = Experience gained in this place as a percentage of experience gained in the entire game.
 F = Experience gained in this place divided by the number of levels of this place that you have seen.
                   A       B       C       D       E      F
               +-------+-------+-------+-------+-------+----------------------
         Total | 100.0 | 100.0 |   N/A |   N/A | 100.0 |  25.5
       Dungeon | 100.0 | 100.0 |   N/A |   N/A | 100.0 |  25.5
               +-------+-------+-------+-------+-------+----------------------

Table legend: (Time is in decaauts)
 A = Elapsed time spent in this place.
 B = Non-inter-level travel time spent in this place.
 C = Inter-level travel time spent in this place.
 D = Time resting spent in this place.
 E = Time spent auto-exploring this place.
 F = Levels seen in this place.
 G = Mean time per level.
                   A        B        C        D        E       F      G
               +--------+--------+--------+--------+--------+-----+--------+
         Total |    791 |    741 |     50 |     87 |    430 |   2 |  395.5 |
       Dungeon |    791 |    741 |     50 |     87 |    430 |   2 |  395.5 |
               +--------+--------+--------+--------+--------+-----+--------+

Top non-repeatable levels by time:
     D:1: 639 daAuts
     D:2: 152 daAuts
